[ AOE2 MATCH · #460918342 ]
Team RMMagyars vs Saracens
[ REPLAY ANALYSIS · EXTRACTED FROM THE RECORDED GAME ]
Feudal
10:57
Castle
19:50
Imperial
35:35
| APM avg | 29.4 |
| APM peak | 76 |
| eAPM avg | 13.9 |
| Villagers / military | 115 / 376 |
Focus
⚔️ 31.7% · 🌾 68.3%
Cavalry Archer ×222 · Magyar Huszar ×145 · Trade Cart ×22 · Skirmisher ×5 · Trebuchet (Packed) ×3 · Monk ×1
Feudal
11:27
Castle
14:58
Imperial
33:36
| APM avg | 19.2 |
| APM peak | 48 |
| eAPM avg | 13.5 |
| Villagers / military | 178 / 354 |
Focus
⚔️ 25.8% · 🌾 74.2%
Skirmisher ×223 · Mameluke ×126 · Trade Cart ×12 · Trebuchet (Packed) ×5
Feudal
—
Castle
—
Imperial
—
| APM avg | 61.6 |
| APM peak | 130 |
| eAPM avg | 19.5 |
| Villagers / military | 146 / 363 |
Focus
⚔️ 30.2% · 🌾 69.8%
Camel Scout ×250 · Scout Cavalry ×107 · Trade Cart ×40 · Trebuchet (Packed) ×5 · Militia ×1
Feudal
9:39
Castle
24:21
Imperial
38:32
| APM avg | 59.7 |
| APM peak | 133 |
| eAPM avg | 25.1 |
| Villagers / military | 128 / 467 |
Focus
⚔️ 41.9% · 🌾 58.1%
Archer ×227 · Skirmisher ×135 · Spearman ×76 · Scout Cavalry ×28 · Trade Cart ×7 · Unknown (1959) ×6
Feudal
8:27
Castle
20:15
Imperial
40:45
| APM avg | 70.0 |
| APM peak | 141 |
| eAPM avg | 22.3 |
| Villagers / military | 153 / 388 |
Focus
⚔️ 42.5% · 🌾 57.5%
Knight ×202 · Scout Cavalry ×174 · Mangonel ×6 · Monk ×3 · Spearman ×3
Feudal
9:50
Castle
23:41
Imperial
39:53
| APM avg | 41.0 |
| APM peak | 96 |
| eAPM avg | 13.2 |
| Villagers / military | 115 / 318 |
Focus
⚔️ 35.6% · 🌾 64.4%
Spearman ×142 · Archer ×140 · Skirmisher ×30 · Trebuchet (Packed) ×6 · Unknown (2562) ×3
Match map
Initial resources + every placement click. Lines = walls · curves = elevation contours. ◆ gold · ⬟ stone · ● berries · ✦ relic · ◌ wall gap
Your base· ✓ Closed at 19:50 · 37t walls · 1 gate(s)
Kressel's base· Open — unwalled flank
AML4554's base· ✓ Closed at 19:00 · 1t walls · 1 gate(s)
Lil' Linguini's base· ✓ Closed at 24:21 · 60t walls · 1 gate(s)
Kallemann's base· ✓ Closed at 20:15 · 8t walls · 1 gate(s)
ACV's base· ✓ Closed at 23:41 · 33t walls · no gate
Smoothed initial terrain · ◌ = detected wall gap · hover for details
Inputs per minute
— Pedrulete - - Kressel
Build order — Pedrulete
First 150 of 408 actions detected
| 0:03 | Create | Villager (Male) |
| 0:03 | Create | Villager (Male) |
| 0:04 | Create | Villager (Male) |
| 0:05 | Build | House |
| 0:06 | Build | House |
| 0:52 | Create | Villager (Male) |
| 1:26 | Create | Villager (Male) |
| 1:50 | Build | Lumber Camp |
| 1:53 | Create | Villager (Male) |
| 2:35 | Create | Villager (Male) |
| 2:58 | Create | Villager (Male) |
| 3:25 | Create | Villager (Male) |
| 3:41 | Build | House |
| 3:56 | Create | Villager (Male) |
| 3:56 | Create | Villager (Male) |
| 4:00 | Research | Loom |
| 4:21 | Build | Mill |
| 5:14 | Create | Villager (Male) |
| 5:15 | Create | Villager (Male) |
| 5:27 | Create | Villager (Male) |
| 6:04 | Build | House |
| 6:11 | Build | Farm |
| 6:13 | Create | Villager (Male) |
| 6:41 | Build | Lumber Camp |
| 6:46 | Create | Villager (Male) |
| 7:07 | Create | Villager (Male) |
| 7:32 | Create | Villager (Male) |
| 7:51 | Build | Mining Camp |
| 7:56 | Create | Villager (Male) |
| 8:11 | Build | Palisade Wall |
| 8:27 | Build | House |
| 8:32 | Build | Palisade Wall |
| 8:42 | Create | Villager (Male) |
| 8:42 | Create | Villager (Male) |
| 8:47 | Research | Feudal Age |
| 9:05 | Build | House |
| 9:39 | Build | Palisade Wall |
| 9:56 | Build | Palisade Wall |
| 10:07 | Build | Barracks |
| 10:38 | Create | Villager (Male) |
| 10:39 | Create | Villager (Male) |
| 10:49 | Build | House |
| 10:51 | Build | Palisade Wall |
| 10:57 | Age | Feudal Age |
| 11:04 | Research | Double-Bit Axe |
| 11:08 | Research | Horse Collar |
| 11:41 | Build | Palisade Wall |
| 11:43 | Create | Villager (Male) |
| 11:47 | Build | Farm |
| 11:50 | Build | Farm |
| 11:54 | Create | Villager (Male) |
| 11:59 | Build | Palisade Wall |
| 12:22 | Create | Villager (Male) |
| 12:47 | Build | Market |
| 12:51 | Create | Villager (Male) |
| 12:54 | Build | Palisade Wall |
| 13:04 | Research | Wheelbarrow |
| 13:44 | Build | Farm |
| 13:47 | Build | Farm |
| 14:06 | Build | Farm |
| 14:21 | Build | Farm |
| 14:24 | Build | Farm |
| 14:31 | Create | Villager (Male) |
| 14:36 | Build | House |
| 14:45 | Build | Farm |
| 14:50 | Build | Farm |
| 14:58 | Create | Villager (Male) |
| 15:03 | Build | Farm |
| 15:31 | Build | House |
| 15:35 | Build | House |
| 15:36 | Create | Villager (Male) |
| 16:04 | Build | House |
| 16:13 | Build | Blacksmith |
| 16:14 | Create | Villager (Male) |
| 16:27 | Create | Villager (Male) |
| 16:58 | Build | Gate |
| 17:10 | Research | Castle Age |
| 17:10 | Research | Castle Age |
| 17:15 | Build | Mining Camp |
| 17:19 | Create | Villager (Male) |
| 17:19 | Create | Villager (Male) |
| 17:38 | Build | Archery Range |
| 17:40 | Build | Archery Range |
| 17:52 | Research | Fletching |
| 18:15 | Create | Villager (Male) |
| 18:15 | Create | Villager (Male) |
| 18:27 | Build | Stable |
| 18:31 | Research | Padded Archer Armor |
| 18:37 | Research | Gold Mining |
| 18:41 | Create | Villager (Male) |
| 19:50 | Age | Castle Age |
| 19:54 | Build | Town Center |
| 20:01 | Create | Cavalry Archer |
| 20:01 | Create | Cavalry Archer |
| 20:02 | Create | Cavalry Archer |
| 20:02 | Create | Cavalry Archer |
| 20:13 | Build | Gate |
| 20:17 | Research | Bodkin Arrow |
| 20:20 | Create | Villager (Male) |
| 20:25 | Research | Bow Saw |
| 20:44 | Build | Stone Wall |
| 21:01 | Create | Cavalry Archer |
| 21:01 | Create | Cavalry Archer |
| 21:03 | Create | Cavalry Archer |
| 21:22 | Create | Cavalry Archer |
| 21:22 | Create | Cavalry Archer |
| 21:24 | Create | Villager (Male) |
| 21:25 | Create | Villager (Male) |
| 21:26 | Create | Villager (Male) |
| 21:26 | Create | Villager (Male) |
| 21:30 | Build | Farm |
| 21:31 | Build | Farm |
| 21:48 | Create | Cavalry Archer |
| 22:00 | Create | Villager (Male) |
| 22:25 | Create | Villager (Male) |
| 22:25 | Create | Villager (Male) |
| 22:31 | Build | Town Center |
| 22:40 | Research | Bloodlines |
| 22:42 | Create | Cavalry Archer |
| 23:00 | Create | Villager (Male) |
| 23:01 | Create | Villager (Male) |
| 23:05 | Build | University |
| 23:12 | Build | Monastery |
| 23:14 | Create | Villager (Male) |
| 23:14 | Create | Villager (Male) |
| 23:25 | Research | Husbandry |
| 23:29 | Create | Villager (Male) |
| 23:39 | Create | Villager (Male) |
| 23:46 | Build | Farm |
| 23:48 | Build | Farm |
| 23:56 | Build | Farm |
| 24:05 | Create | Villager (Male) |
| 24:05 | Create | Villager (Male) |
| 24:07 | Create | Monk |
| 24:26 | Build | Lumber Camp |
| 24:29 | Create | Villager (Male) |
| 24:29 | Create | Villager (Male) |
| 24:30 | Create | Villager (Male) |
| 24:34 | Build | Farm |
| 24:35 | Build | Farm |
| 24:36 | Build | Farm |
| 24:49 | Create | Villager (Male) |
| 25:13 | Build | House |
| 25:13 | Build | House |
| 25:14 | Build | House |
| 25:14 | Build | House |
| 25:14 | Build | House |
| 25:15 | Build | House |
| 25:18 | Create | Villager (Male) |
| 25:19 | Create | Villager (Male) |
Build order — Kressel
First 150 of 494 actions detected
| 0:01 | Create | Villager (Male) |
| 0:01 | Create | Villager (Male) |
| 0:01 | Create | Villager (Male) |
| 0:02 | Create | Villager (Male) |
| 0:03 | Build | House |
| 0:05 | Build | House |
| 2:10 | Create | Villager (Male) |
| 2:10 | Create | Villager (Male) |
| 2:23 | Create | Villager (Male) |
| 2:34 | Create | Villager (Male) |
| 2:42 | Build | Lumber Camp |
| 3:17 | Create | Villager (Male) |
| 3:51 | Create | Villager (Male) |
| 4:45 | Build | House |
| 5:07 | Create | Villager (Male) |
| 5:07 | Create | Villager (Male) |
| 5:10 | Create | Villager (Male) |
| 5:15 | Build | House |
| 5:49 | Create | Villager (Male) |
| 5:50 | Create | Villager (Male) |
| 6:05 | Build | Mill |
| 6:26 | Create | Villager (Male) |
| 6:55 | Create | Villager (Male) |
| 7:18 | Build | House |
| 7:21 | Build | House |
| 7:23 | Build | House |
| 7:25 | Build | House |
| 7:28 | Create | Villager (Male) |
| 8:18 | Create | Villager (Male) |
| 8:19 | Create | Villager (Male) |
| 8:24 | Create | Villager (Male) |
| 8:24 | Create | Villager (Male) |
| 8:54 | Research | Feudal Age |
| 9:05 | Build | Mining Camp |
| 9:21 | Build | Palisade Wall |
| 11:12 | Create | Villager (Male) |
| 11:13 | Create | Villager (Male) |
| 11:27 | Age | Feudal Age |
| 11:32 | Build | Market |
| 11:35 | Build | Blacksmith |
| 11:59 | Create | Villager (Male) |
| 12:17 | Research | Castle Age |
| 12:56 | Build | Farm |
| 12:56 | Build | Farm |
| 12:56 | Build | Farm |
| 12:57 | Build | Farm |
| 12:57 | Build | Farm |
| 12:57 | Build | Farm |
| 13:25 | Build | Lumber Camp |
| 13:55 | Create | Villager (Male) |
| 13:55 | Create | Villager (Male) |
| 14:16 | Build | Farm |
| 14:16 | Build | Farm |
| 14:25 | Build | Farm |
| 14:58 | Age | Castle Age |
| 15:01 | Build | Town Center |
| 15:04 | Create | Villager (Male) |
| 15:04 | Create | Villager (Male) |
| 15:09 | Research | Double-Bit Axe |
| 15:30 | Build | Farm |
| 17:02 | Build | Town Center |
| 17:03 | Create | Villager (Male) |
| 17:03 | Create | Villager (Male) |
| 17:03 | Create | Villager (Male) |
| 17:08 | Build | Farm |
| 17:09 | Create | Villager (Male) |
| 17:10 | Create | Villager (Male) |
| 17:10 | Create | Villager (Male) |
| 17:35 | Research | Loom |
| 17:39 | Create | Villager (Male) |
| 18:13 | Create | Villager (Male) |
| 18:15 | Create | Villager (Male) |
| 18:15 | Create | Villager (Male) |
| 18:37 | Create | Villager (Male) |
| 18:37 | Create | Villager (Male) |
| 18:39 | Create | Villager (Male) |
| 18:55 | Build | Farm |
| 19:23 | Build | Town Center |
| 19:28 | Create | Villager (Male) |
| 19:29 | Research | Bow Saw |
| 19:31 | Create | Villager (Male) |
| 19:33 | Create | Villager (Male) |
| 19:39 | Create | Villager (Male) |
| 19:39 | Create | Villager (Male) |
| 19:42 | Build | Farm |
| 19:44 | Build | Farm |
| 19:47 | Build | Farm |
| 19:54 | Create | Villager (Male) |
| 20:06 | Create | Villager (Male) |
| 20:09 | Build | Farm |
| 20:15 | Create | Villager (Male) |
| 20:20 | Build | Farm |
| 20:20 | Build | Farm |
| 20:21 | Build | Farm |
| 20:31 | Build | Farm |
| 20:37 | Create | Villager (Male) |
| 20:37 | Create | Villager (Male) |
| 20:56 | Create | Villager (Male) |
| 20:57 | Create | Villager (Male) |
| 21:03 | Build | Farm |
| 21:03 | Build | Farm |
| 21:03 | Build | Farm |
| 21:04 | Build | Farm |
| 21:14 | Build | Farm |
| 21:30 | Create | Villager (Male) |
| 21:30 | Create | Villager (Male) |
| 21:31 | Create | Villager (Male) |
| 21:31 | Create | Villager (Male) |
| 21:41 | Build | Farm |
| 21:47 | Build | Lumber Camp |
| 21:57 | Build | Farm |
| 22:01 | Build | Farm |
| 22:09 | Create | Villager (Male) |
| 22:09 | Create | Villager (Male) |
| 22:09 | Create | Villager (Male) |
| 22:09 | Create | Villager (Male) |
| 22:10 | Create | Villager (Male) |
| 22:34 | Research | Wheelbarrow |
| 22:43 | Build | Mining Camp |
| 22:49 | Create | Villager (Male) |
| 22:49 | Create | Villager (Male) |
| 23:03 | Build | Farm |
| 23:03 | Build | Farm |
| 23:04 | Build | Farm |
| 23:04 | Build | Farm |
| 23:04 | Build | Farm |
| 23:05 | Build | Farm |
| 23:08 | Build | Farm |
| 23:13 | Create | Villager (Male) |
| 23:13 | Create | Villager (Male) |
| 23:13 | Create | Villager (Male) |
| 23:14 | Create | Villager (Male) |
| 23:40 | Create | Villager (Male) |
| 23:43 | Create | Villager (Male) |
| 23:44 | Build | Farm |
| 23:48 | Build | House |
| 23:56 | Build | House |
| 23:57 | Build | House |
| 23:58 | Build | House |
| 23:59 | Build | House |
| 24:00 | Build | House |
| 24:02 | Build | House |
| 24:11 | Research | Town Watch |
| 24:12 | Create | Villager (Male) |
| 24:12 | Create | Villager (Male) |
| 24:13 | Create | Villager (Male) |
| 24:13 | Create | Villager (Male) |
| 24:20 | Build | Farm |
| 24:40 | Research | Hand Cart |
| 24:42 | Create | Villager (Male) |
Build order — AML4554
First 150 of 635 actions detected
| 0:02 | Create | Villager (Male) |
| 0:02 | Create | Villager (Male) |
| 0:02 | Create | Villager (Male) |
| 0:02 | Create | Villager (Male) |
| 0:03 | Create | Villager (Male) |
| 0:03 | Create | Villager (Male) |
| 0:05 | Build | House |
| 0:06 | Build | House |
| 1:26 | Create | Villager (Male) |
| 1:27 | Create | Villager (Male) |
| 1:45 | Create | Villager (Male) |
| 2:21 | Create | Villager (Male) |
| 2:21 | Create | Villager (Male) |
| 2:47 | Create | Villager (Male) |
| 2:48 | Create | Villager (Male) |
| 2:48 | Create | Villager (Male) |
| 3:08 | Build | Lumber Camp |
| 3:48 | Create | Villager (Male) |
| 3:49 | Create | Villager (Male) |
| 3:53 | Build | House |
| 3:54 | Build | Palisade Wall |
| 4:21 | Create | Villager (Male) |
| 4:21 | Create | Villager (Male) |
| 5:06 | Create | Villager (Male) |
| 5:06 | Create | Villager (Male) |
| 5:23 | Build | Mill |
| 5:27 | Create | Villager (Male) |
| 6:03 | Research | Loom |
| 6:55 | Research | Feudal Age |
| 7:46 | Build | House |
| 7:47 | Build | Barracks |
| 7:57 | Create | Villager (Male) |
| 8:00 | Research | Loom |
| 8:42 | Build | House |
| 8:59 | Create | Villager (Male) |
| 9:13 | Build | Stable |
| 9:21 | Research | Double-Bit Axe |
| 9:51 | Create | Villager (Male) |
| 9:59 | Build | Palisade Gate |
| 10:04 | Create | Villager (Male) |
| 10:07 | Research | Horse Collar |
| 10:11 | Create | Scout Cavalry |
| 10:11 | Create | Scout Cavalry |
| 10:11 | Create | Scout Cavalry |
| 10:31 | Build | Farm |
| 10:34 | Build | Farm |
| 10:48 | Create | Scout Cavalry |
| 10:54 | Create | Villager (Male) |
| 10:57 | Build | Farm |
| 11:02 | Build | House |
| 11:03 | Build | House |
| 11:12 | Create | Villager (Male) |
| 11:16 | Build | Farm |
| 11:37 | Create | Villager (Male) |
| 12:04 | Create | Villager (Male) |
| 12:19 | Create | Scout Cavalry |
| 12:27 | Build | House |
| 12:29 | Build | House |
| 12:33 | Build | Farm |
| 12:37 | Build | Farm |
| 12:38 | Build | Farm |
| 12:39 | Build | Farm |
| 12:55 | Create | Scout Cavalry |
| 13:15 | Create | Scout Cavalry |
| 13:16 | Create | Villager (Male) |
| 13:16 | Create | Villager (Male) |
| 13:17 | Create | Villager (Male) |
| 13:17 | Create | Villager (Male) |
| 13:26 | Build | Farm |
| 13:29 | Build | Farm |
| 13:31 | Build | Farm |
| 13:51 | Create | Scout Cavalry |
| 13:56 | Build | Farm |
| 14:15 | Create | Villager (Male) |
| 14:22 | Create | Villager (Male) |
| 14:28 | Build | House |
| 14:29 | Build | House |
| 15:00 | Build | Blacksmith |
| 15:32 | Create | Scout Cavalry |
| 15:33 | Create | Scout Cavalry |
| 15:42 | Research | Forging |
| 16:43 | Create | Villager (Male) |
| 16:43 | Create | Villager (Male) |
| 16:43 | Create | Villager (Male) |
| 16:55 | Create | Villager (Male) |
| 16:55 | Create | Villager (Male) |
| 17:01 | Build | Mining Camp |
| 17:33 | Create | Villager (Male) |
| 19:00 | Research | Castle Age |
| 19:23 | Research | Scale Barding Armor |
| 20:04 | Research | Bloodlines |
| 20:59 | Build | Stable |
| 21:57 | Create | Camel Scout |
| 21:57 | Create | Camel Scout |
| 21:59 | Create | Villager (Male) |
| 21:59 | Create | Villager (Male) |
| 22:04 | Build | Town Center |
| 22:20 | Create | Camel Scout |
| 22:20 | Create | Camel Scout |
| 22:23 | Create | Villager (Male) |
| 22:31 | Build | Town Center |
| 22:38 | Build | Farm |
| 22:38 | Build | Farm |
| 22:38 | Build | Farm |
| 22:38 | Build | Farm |
| 22:39 | Build | Farm |
| 22:39 | Build | Farm |
| 22:39 | Build | Farm |
| 23:18 | Create | Camel Scout |
| 23:18 | Create | Camel Scout |
| 23:22 | Research | Wheelbarrow |
| 23:24 | Create | Villager (Male) |
| 23:24 | Create | Villager (Male) |
| 23:27 | Build | House |
| 23:28 | Build | House |
| 23:29 | Build | House |
| 23:29 | Build | House |
| 23:29 | Build | House |
| 23:29 | Build | House |
| 23:38 | Create | Camel Scout |
| 23:38 | Create | Camel Scout |
| 23:40 | Create | Villager (Male) |
| 23:40 | Create | Villager (Male) |
| 23:58 | Create | Villager (Male) |
| 23:58 | Create | Villager (Male) |
| 24:02 | Build | Farm |
| 24:21 | Create | Camel Scout |
| 24:21 | Create | Camel Scout |
| 24:41 | Create | Camel Scout |
| 24:41 | Create | Camel Scout |
| 24:53 | Create | Villager (Male) |
| 24:53 | Create | Villager (Male) |
| 25:09 | Create | Camel Scout |
| 25:09 | Create | Camel Scout |
| 25:21 | Build | Farm |
| 25:21 | Build | Farm |
| 25:21 | Build | Farm |
| 25:22 | Build | Farm |
| 25:22 | Build | Farm |
| 25:22 | Build | Farm |
| 25:22 | Build | Farm |
| 25:22 | Build | Farm |
| 25:23 | Build | Farm |
| 25:23 | Build | Farm |
| 25:23 | Build | Farm |
| 25:26 | Create | Villager (Male) |
| 25:26 | Create | Villager (Male) |
| 25:27 | Create | Villager (Male) |
| 26:16 | Create | Villager (Male) |
| 26:16 | Create | Villager (Male) |
Build order — Lil' Linguini
First 150 of 553 actions detected
| 0:02 | Create | Villager (Male) ×4 |
| 0:02 | Create | Villager (Male) ×4 |
| 0:03 | Build | House |
| 0:05 | Build | House |
| 2:06 | Create | Villager (Male) |
| 2:07 | Create | Villager (Male) |
| 2:07 | Create | Villager (Male) |
| 2:38 | Create | Villager (Male) |
| 3:00 | Build | Lumber Camp |
| 3:17 | Create | Villager (Male) |
| 3:23 | Create | Villager (Male) |
| 3:23 | Create | Villager (Male) |
| 3:56 | Build | House |
| 4:34 | Create | Villager (Male) |
| 4:35 | Create | Villager (Male) |
| 4:35 | Create | Villager (Male) |
| 5:31 | Build | Mill |
| 5:48 | Create | Villager (Male) |
| 5:48 | Create | Villager (Male) |
| 5:48 | Create | Villager (Male) |
| 6:43 | Research | Loom |
| 7:10 | Build | Mining Camp |
| 7:22 | Research | Feudal Age |
| 7:59 | Build | House |
| 8:03 | Create | Villager (Male) |
| 8:04 | Create | Villager (Male) |
| 9:05 | Build | Barracks |
| 9:39 | Age | Feudal Age |
| 9:54 | Research | Double-Bit Axe |
| 10:10 | Build | Palisade Wall |
| 10:22 | Build | Archery Range |
| 10:23 | Create | Villager (Male) |
| 10:23 | Create | Villager (Male) |
| 10:34 | Research | Horse Collar |
| 10:56 | Build | House |
| 11:00 | Create | Villager (Male) |
| 11:02 | Build | House |
| 11:17 | Create | Archer |
| 11:22 | Research | Gold Mining |
| 11:22 | Research | Gold Mining |
| 11:32 | Create | Villager (Male) |
| 11:38 | Create | Archer |
| 11:53 | Create | Villager (Male) |
| 11:54 | Create | Archer |
| 12:06 | Create | Spearman |
| 12:24 | Build | Blacksmith |
| 12:26 | Create | Spearman |
| 13:11 | Research | Fletching |
| 13:16 | Build | Archery Range |
| 13:23 | Create | Villager (Male) |
| 13:24 | Create | Archer |
| 13:29 | Create | Villager (Male) |
| 13:44 | Build | Palisade Wall |
| 13:52 | Build | Palisade Wall |
| 13:59 | Create | Villager (Male) |
| 14:01 | Create | Archer |
| 14:29 | Build | Palisade Wall |
| 14:39 | Build | House |
| 14:44 | Build | Farm |
| 14:58 | Build | House |
| 15:02 | Build | Palisade Wall |
| 15:19 | Build | Farm |
| 15:19 | Build | Farm |
| 15:20 | Build | Farm |
| 15:20 | Build | Farm |
| 15:20 | Build | Farm |
| 15:36 | Build | House |
| 15:37 | Build | Palisade Wall |
| 15:39 | Create | Archer |
| 15:39 | Create | Archer |
| 15:46 | Build | Palisade Wall |
| 16:13 | Build | House |
| 16:18 | Build | House |
| 16:19 | Build | House |
| 16:21 | Create | Archer |
| 16:21 | Create | Archer |
| 16:23 | Create | Villager (Male) |
| 16:23 | Create | Villager (Male) |
| 16:23 | Create | Villager (Male) |
| 16:32 | Build | Palisade Gate |
| 16:41 | Create | Archer |
| 16:41 | Create | Archer |
| 16:41 | Create | Villager (Male) |
| 16:42 | Create | Villager (Male) |
| 16:42 | Create | Villager (Male) |
| 16:55 | Research | Padded Archer Armor |
| 16:56 | Research | Padded Archer Armor |
| 16:58 | Create | Archer |
| 16:58 | Create | Archer |
| 17:25 | Build | House |
| 17:27 | Build | Palisade Wall |
| 17:29 | Build | Palisade Wall |
| 17:40 | Create | Villager (Male) |
| 18:00 | Create | Archer |
| 18:01 | Create | Archer |
| 18:10 | Create | Villager (Male) |
| 18:10 | Create | Villager (Male) |
| 18:24 | Create | Villager (Male) |
| 18:25 | Create | Villager (Male) |
| 18:33 | Create | Archer |
| 18:43 | Build | Farm |
| 18:57 | Create | Archer |
| 18:57 | Create | Archer |
| 19:00 | Build | Farm |
| 19:29 | Build | House |
| 19:30 | Build | House |
| 19:33 | Build | Farm |
| 19:46 | Create | Archer |
| 19:54 | Build | Farm |
| 20:14 | Build | Market |
| 20:30 | Build | Farm |
| 21:02 | Create | Villager (Male) |
| 21:41 | Research | Castle Age |
| 21:41 | Research | Castle Age |
| 21:51 | Build | Archery Range |
| 22:01 | Create | Archer |
| 22:01 | Create | Archer |
| 22:19 | Build | Mining Camp |
| 22:35 | Create | Archer |
| 22:57 | Create | Archer |
| 23:00 | Create | Archer |
| 23:06 | Research | Wheelbarrow |
| 24:21 | Age | Castle Age |
| 24:23 | Build | Town Center |
| 24:23 | Research | Bodkin Arrow |
| 24:23 | Research | Bodkin Arrow |
| 24:26 | Research | Crossbowman (upgrade) |
| 24:26 | Research | Thumb Ring |
| 24:35 | Research | Thumb Ring |
| 24:36 | Research | Thumb Ring |
| 24:50 | Build | Monastery |
| 24:53 | Create | Archer |
| 24:53 | Create | Archer |
| 25:04 | Create | Villager (Male) |
| 25:05 | Create | Archer |
| 25:06 | Create | Archer |
| 25:27 | Create | Archer |
| 25:27 | Create | Archer |
| 25:30 | Create | Villager (Male) |
| 25:30 | Create | Villager (Male) |
| 25:37 | Create | Monk |
| 26:06 | Create | Villager (Male) |
| 26:06 | Create | Villager (Male) |
| 26:10 | Research | Leather Archer Armor |
| 26:10 | Research | Leather Archer Armor |
| 26:29 | Build | Monastery |
| 26:55 | Create | Villager (Male) |
| 26:55 | Create | Villager (Male) |
| 27:04 | Build | University |
| 27:08 | Create | Villager (Male) |
Build order — Kallemann
First 150 of 667 actions detected
| 0:01 | Create | Villager (Male) |
| 0:01 | Create | Villager (Male) |
| 0:01 | Create | Villager (Male) |
| 0:04 | Build | House |
| 0:07 | Build | House |
| 0:27 | Create | Villager (Male) |
| 0:28 | Create | Villager (Male) |
| 0:28 | Create | Villager (Male) |
| 1:30 | Create | Villager (Male) |
| 1:40 | Build | Lumber Camp |
| 1:46 | Create | Villager (Male) |
| 2:31 | Create | Villager (Male) |
| 2:45 | Create | Villager (Male) |
| 3:09 | Create | Villager (Male) |
| 3:34 | Build | Palisade Wall |
| 3:40 | Create | Villager (Male) |
| 3:41 | Create | Villager (Male) |
| 3:41 | Create | Villager (Male) |
| 3:47 | Build | House |
| 4:23 | Build | Mill |
| 4:36 | Create | Villager (Male) |
| 4:37 | Create | Villager (Male) |
| 4:37 | Create | Villager (Male) |
| 4:47 | Create | Villager (Male) |
| 4:50 | Create | Villager (Male) |
| 5:27 | Research | Loom |
| 5:30 | Create | Villager (Male) |
| 6:00 | Research | Loom |
| 6:12 | Research | Feudal Age |
| 7:06 | Build | House |
| 7:19 | Build | Barracks |
| 7:28 | Create | Villager (Male) |
| 8:20 | Build | Palisade Wall |
| 8:27 | Age | Feudal Age |
| 8:29 | Build | Stable |
| 8:36 | Research | Double-Bit Axe |
| 8:37 | Create | Villager (Male) |
| 8:52 | Create | Villager (Male) |
| 9:12 | Build | Farm |
| 9:13 | Create | Scout Cavalry |
| 9:20 | Create | Villager (Male) |
| 9:23 | Build | House |
| 9:31 | Build | House |
| 9:34 | Build | House |
| 9:36 | Create | Villager (Male) |
| 9:38 | Build | Farm |
| 9:46 | Build | Farm |
| 9:53 | Create | Scout Cavalry |
| 9:59 | Create | Villager (Male) |
| 10:02 | Build | House |
| 10:09 | Build | House |
| 10:10 | Create | Villager (Male) |
| 10:15 | Build | Farm |
| 10:46 | Create | Scout Cavalry |
| 10:47 | Create | Villager (Male) |
| 10:54 | Build | House |
| 10:56 | Build | House |
| 11:02 | Build | Farm |
| 11:06 | Build | Farm |
| 11:22 | Create | Villager (Male) |
| 11:28 | Build | House |
| 11:34 | Create | Scout Cavalry |
| 11:38 | Build | Farm |
| 11:43 | Build | House |
| 11:51 | Build | Farm |
| 11:55 | Build | Farm |
| 11:57 | Create | Villager (Male) |
| 11:58 | Create | Villager (Male) |
| 12:11 | Build | Palisade Gate |
| 12:13 | Build | Palisade Wall |
| 12:15 | Create | Spearman |
| 12:22 | Create | Villager (Male) |
| 12:46 | Build | Farm |
| 12:49 | Build | Farm |
| 13:05 | Build | House |
| 13:08 | Build | House |
| 13:09 | Create | Villager (Male) |
| 13:22 | Create | Villager (Male) |
| 13:23 | Create | Scout Cavalry |
| 13:27 | Build | Farm |
| 13:40 | Create | Villager (Male) |
| 13:42 | Build | Farm |
| 14:00 | Build | Farm |
| 14:14 | Create | Villager (Male) |
| 14:16 | Build | Farm |
| 14:23 | Create | Villager (Male) |
| 14:33 | Create | Scout Cavalry |
| 14:42 | Build | Mining Camp |
| 14:58 | Create | Villager (Male) |
| 15:28 | Build | Blacksmith |
| 15:32 | Create | Villager (Male) |
| 15:33 | Create | Villager (Male) |
| 16:19 | Create | Villager (Male) |
| 16:19 | Create | Villager (Male) |
| 16:26 | Research | Wheelbarrow |
| 16:30 | Research | Scale Barding Armor |
| 16:46 | Create | Villager (Male) |
| 16:51 | Create | Scout Cavalry |
| 17:07 | Research | Bloodlines |
| 17:22 | Research | Forging |
| 17:34 | Research | Castle Age |
| 18:33 | Research | Gold Mining |
| 18:43 | Build | Farm |
| 18:50 | Build | Stable |
| 18:52 | Build | Farm |
| 18:54 | Build | Farm |
| 19:18 | Create | Villager (Male) |
| 19:21 | Build | Farm |
| 19:21 | Build | Farm |
| 19:21 | Build | Farm |
| 19:22 | Build | Farm |
| 19:46 | Create | Villager (Male) |
| 20:02 | Create | Spearman |
| 20:08 | Create | Villager (Male) |
| 20:13 | Build | Farm |
| 20:15 | Age | Castle Age |
| 20:16 | Create | Knight |
| 20:16 | Create | Knight |
| 20:19 | Research | Chain Barding Armor |
| 20:50 | Create | Knight |
| 20:50 | Create | Knight |
| 20:51 | Build | Farm |
| 20:57 | Create | Spearman |
| 21:02 | Create | Villager (Male) |
| 21:21 | Create | Knight |
| 21:35 | Create | Villager (Male) |
| 21:35 | Create | Villager (Male) |
| 21:50 | Build | Town Center |
| 22:03 | Create | Villager (Male) |
| 22:04 | Create | Knight |
| 22:05 | Create | Knight |
| 22:39 | Build | Monastery |
| 22:50 | Create | Villager (Male) |
| 22:51 | Create | Villager (Male) |
| 22:52 | Create | Knight |
| 22:52 | Create | Knight |
| 23:12 | Build | Farm |
| 23:24 | Create | Villager (Male) |
| 23:24 | Create | Villager (Male) |
| 23:25 | Create | Monk |
| 23:30 | Create | Knight |
| 23:49 | Create | Villager (Male) |
| 23:54 | Research | Hand Cart |
| 23:55 | Create | Villager (Male) |
| 23:55 | Create | Villager (Male) |
| 23:56 | Create | Knight |
| 23:56 | Create | Knight |
| 24:00 | Build | House |
| 24:01 | Build | House |
| 24:02 | Build | House |
Build order — ACV
First 150 of 351 actions detected
| 0:01 | Create | Villager (Male) ×4 |
| 0:02 | Create | Villager (Male) ×4 |
| 0:03 | Build | House |
| 0:05 | Build | House |
| 1:30 | Create | Villager (Male) |
| 1:30 | Create | Villager (Male) |
| 1:56 | Create | Villager (Male) |
| 1:57 | Create | Villager (Male) |
| 2:13 | Build | Settlement |
| 2:26 | Create | Villager (Male) |
| 2:26 | Create | Villager (Male) |
| 2:59 | Create | Villager (Male) |
| 2:59 | Create | Villager (Male) |
| 3:12 | Create | Villager (Male) |
| 3:12 | Create | Villager (Male) |
| 3:46 | Create | Villager (Male) |
| 3:46 | Create | Villager (Male) |
| 3:55 | Build | Settlement |
| 4:26 | Create | Villager (Male) |
| 4:26 | Create | Villager (Male) |
| 5:00 | Build | House |
| 5:25 | Create | Villager (Male) |
| 5:26 | Create | Villager (Male) |
| 5:26 | Create | Villager (Male) |
| 5:26 | Create | Villager (Male) |
| 6:30 | Create | Villager (Male) |
| 7:03 | Research | Loom |
| 7:15 | Build | Settlement |
| 7:40 | Research | Feudal Age |
| 8:20 | Build | Barracks |
| 9:42 | Create | Villager (Male) |
| 9:42 | Create | Villager (Male) |
| 9:43 | Create | Villager (Male) |
| 9:44 | Create | Villager (Male) |
| 9:50 | Age | Feudal Age |
| 9:53 | Build | Archery Range |
| 10:14 | Create | Spearman |
| 10:50 | Build | Archery Range |
| 10:52 | Create | Archer |
| 10:52 | Create | Archer |
| 11:02 | Create | Villager (Male) |
| 11:08 | Build | Palisade Wall |
| 11:36 | Build | House |
| 11:40 | Create | Archer |
| 11:44 | Create | Villager (Male) |
| 11:45 | Create | Villager (Male) |
| 12:03 | Create | Archer |
| 12:04 | Create | Archer |
| 12:09 | Build | House |
| 12:11 | Build | Blacksmith |
| 12:29 | Create | Villager (Male) |
| 12:58 | Research | Fletching |
| 13:01 | Create | Villager (Male) |
| 13:02 | Create | Villager (Male) |
| 13:03 | Create | Archer |
| 13:04 | Create | Archer |
| 13:08 | Build | Palisade Wall |
| 13:30 | Build | Palisade Wall |
| 13:34 | Build | House |
| 13:37 | Build | Palisade Wall |
| 13:41 | Build | House |
| 13:46 | Create | Archer ×2 |
| 13:59 | Create | Villager (Male) |
| 14:00 | Create | Villager (Male) |
| 14:16 | Build | Palisade Wall |
| 14:54 | Create | Villager (Male) |
| 14:54 | Create | Villager (Male) |
| 15:08 | Build | Palisade Wall |
| 15:10 | Build | House |
| 15:11 | Build | Palisade Wall |
| 15:25 | Build | Farm |
| 15:29 | Research | Horse Collar |
| 15:54 | Create | Villager (Male) |
| 15:54 | Create | Villager (Male) |
| 15:55 | Build | Farm |
| 16:23 | Create | Villager (Male) |
| 16:24 | Build | Farm |
| 16:44 | Build | Farm |
| 16:44 | Build | Farm |
| 16:44 | Build | Farm |
| 16:45 | Build | Farm |
| 16:47 | Create | Villager (Male) |
| 16:47 | Create | Villager (Male) |
| 16:51 | Build | Farm |
| 17:26 | Create | Archer ×5 |
| 17:37 | Create | Villager (Male) |
| 17:44 | Research | Padded Archer Armor |
| 17:47 | Build | Palisade Wall |
| 18:36 | Build | Farm |
| 18:36 | Build | Farm |
| 18:37 | Build | Farm |
| 18:37 | Build | Farm |
| 18:38 | Build | Farm |
| 18:41 | Create | Villager (Male) |
| 18:42 | Create | Villager (Male) |
| 18:42 | Create | Villager (Male) |
| 19:12 | Create | Archer ×5 |
| 19:21 | Build | House |
| 19:49 | Build | House |
| 20:09 | Build | House |
| 20:11 | Create | Villager (Male) |
| 20:12 | Create | Villager (Male) |
| 20:12 | Create | Villager (Male) |
| 20:30 | Build | House |
| 20:32 | Build | House |
| 20:55 | Research | Castle Age |
| 21:10 | Build | Archery Range |
| 21:47 | Create | Archer ×5 |
| 21:48 | Create | Archer ×5 |
| 22:05 | Create | Archer ×3 |
| 22:14 | Build | Farm |
| 22:14 | Build | Farm |
| 22:14 | Build | Farm |
| 22:15 | Build | Farm |
| 22:15 | Build | Farm |
| 22:16 | Build | Farm |
| 22:31 | Build | House |
| 22:32 | Build | House |
| 23:06 | Build | House |
| 23:07 | Build | House |
| 23:41 | Age | Castle Age |
| 23:45 | Research | Crossbowman (upgrade) |
| 23:48 | Research | Thumb Ring |
| 23:56 | Create | Villager (Male) |
| 23:57 | Create | Villager (Male) |
| 23:57 | Create | Villager (Male) |
| 24:14 | Research | Double-Bit Axe |
| 24:22 | Create | Archer ×5 |
| 24:35 | Build | House |
| 24:37 | Build | House |
| 24:39 | Build | House |
| 25:08 | Create | Villager (Male) |
| 25:08 | Create | Villager (Male) |
| 25:51 | Research | Bodkin Arrow |
| 26:33 | Build | University |
| 26:59 | Create | Villager (Male) |
| 26:59 | Create | Villager (Male) |
| 26:59 | Create | Villager (Male) |
| 27:00 | Create | Villager (Male) |
| 27:13 | Research | Ballistics |
| 27:35 | Create | Archer ×3 |
| 27:36 | Create | Archer ×3 |
| 27:56 | Create | Villager (Male) |
| 27:56 | Create | Villager (Male) |
| 27:56 | Create | Villager (Male) |
| 28:28 | Build | Town Center |
| 29:19 | Create | Villager (Male) |
| 29:52 | Create | Villager (Male) |
| 29:53 | Create | Villager (Male) |
| 29:53 | Create | Villager (Male) |
Match timeline
| 3:34 | Kallemann · wall_segment Palisade Wall x1 |
| 3:54 | AML4554 · wall_segment Palisade Wall x1 |
| 7:19 | Kallemann · first_building Barracks |
| 7:47 | AML4554 · first_building Barracks |
| 8:11 | Pedrulete · wall_segment Palisade Wall x9 |
| 8:20 | Kallemann · wall_segment Palisade Wall x6 |
| 8:20 | ACV · first_building Barracks |
| 8:27 | Kallemann · age_up feudal |
| 8:29 | Kallemann · first_building Stable |
| 8:32 | Pedrulete · wall_segment Palisade Wall x5 |
| 9:05 | Lil' Linguini · first_building Barracks |
| 9:13 | AML4554 · first_building Stable |
| 9:21 | Kressel · wall_segment Palisade Wall x1 |
| 9:39 | Pedrulete · wall_segment Palisade Wall x9 |
| 9:39 | Lil' Linguini · age_up feudal |
| 9:50 | ACV · age_up feudal |
| 9:53 | ACV · first_building Archery Range |
| 9:56 | Pedrulete · wall_segment Palisade Wall x4 |
| 10:07 | Pedrulete · first_building Barracks |
| 10:10 | Lil' Linguini · wall_segment Palisade Wall x4 |
| 10:22 | Lil' Linguini · first_building Archery Range |
| 10:51 | Pedrulete · wall_segment Palisade Wall x2 |
| 10:57 | Pedrulete · age_up feudal |
| 11:08 | ACV · wall_segment Palisade Wall x3 |
| 11:27 | Kressel · age_up feudal |
| 11:41 | Pedrulete · wall_segment Palisade Wall x2 |
| 11:59 | Pedrulete · wall_segment Palisade Wall x3 |
| 12:13 | Kallemann · wall_segment Palisade Wall x1 |
| 12:54 | Pedrulete · wall_segment Palisade Wall x3 |
| 13:08 | ACV · wall_segment Palisade Wall x5 |
| 13:30 | ACV · wall_segment Palisade Wall x2 |
| 13:37 | ACV · wall_segment Palisade Wall x2 |
| 13:44 | Lil' Linguini · wall_segment Palisade Wall x1 |
| 13:52 | Lil' Linguini · wall_segment Palisade Wall x14 |
| 14:16 | ACV · wall_segment Palisade Wall x7 |
| 14:29 | Lil' Linguini · wall_segment Palisade Wall x1 |
| 14:58 | Kressel · age_up castle |
| 15:02 | Lil' Linguini · wall_segment Palisade Wall x3 |
| 15:08 | ACV · wall_segment Palisade Wall x9 |
| 15:11 | ACV · wall_segment Palisade Wall x1 |
| 15:37 | Lil' Linguini · wall_segment Palisade Wall x8 |
| 15:46 | Lil' Linguini · wall_segment Palisade Wall x19 |
| 17:27 | Lil' Linguini · wall_segment Palisade Wall x1 |
| 17:29 | Lil' Linguini · wall_segment Palisade Wall x10 |
| 17:38 | Pedrulete · first_building Archery Range |
| 17:47 | ACV · wall_segment Palisade Wall x4 |
| 18:27 | Pedrulete · first_building Stable |
| 19:01 | Kressel · first_market_sell 100 food |
| 19:03 | Kressel · first_market_buy 100 stone |
| 19:50 | Pedrulete · age_up castle |
| 20:15 | Kallemann · age_up castle |
| 20:44 | Pedrulete · wall_segment Stone Wall x4 |
| 21:22 | Lil' Linguini · first_market_sell 100 wood |
| 21:23 | Lil' Linguini · first_market_buy 100 food |
| 22:39 | Kallemann · first_building Monastery |
| 23:12 | Pedrulete · first_building Monastery |
| 23:41 | ACV · age_up castle |
| 24:21 | Lil' Linguini · age_up castle |
| 24:50 | Lil' Linguini · first_building Monastery |
| 25:23 | Kallemann · wall_segment Stone Wall x1 |
| 25:26 | Kallemann · wall_segment Stone Wall x1 |
| 26:06 | Kallemann · first_building Siege Workshop |
| 26:14 | Kallemann · wall_segment Stone Wall x1 |
| 26:15 | Kallemann · wall_segment Stone Wall x1 |
| 27:52 | Kressel · first_building Castle |
| 30:11 | Kressel · wall_segment Stone Wall x1 |
| 30:15 | Kressel · wall_segment Stone Wall x9 |
| 32:06 | Pedrulete · first_market_sell 100 wood |
| 32:19 | Pedrulete · first_building Castle |
| 33:22 | Kallemann · first_market_buy 100 stone |
| 33:36 | Kressel · age_up imperial |
| 34:21 | AML4554 · first_building Monastery |
| 35:15 | ACV · first_building Monastery |
| 35:28 | Lil' Linguini · first_building Siege Workshop |
| 35:35 | Pedrulete · age_up imperial |
| 36:31 | Kressel · first_building Barracks |
| 37:32 | Kressel · first_building Stable |
| 37:39 | Kressel · first_building Archery Range |
| 38:32 | Lil' Linguini · age_up imperial |
| 38:54 | AML4554 · first_building Castle |
| 39:53 | ACV · age_up imperial |
| 40:03 | ACV · wall_segment Palisade Wall x5 |
| 40:06 | ACV · wall_segment Palisade Wall x2 |
| 40:45 | Kallemann · age_up imperial |
| 41:31 | AML4554 · first_market_sell 100 food |
| 41:34 | AML4554 · first_market_buy 100 wood |
| 41:34 | Kallemann · first_building Castle |
| 41:56 | Lil' Linguini · first_building Castle |
| 42:25 | ACV · wall_segment Stone Wall x2 |
| 43:30 | ACV · first_building Castle |
| 43:46 | Lil' Linguini · first_building Stable |
| 47:08 | Kressel · wall_segment Stone Wall x54 |
| 47:11 | Kressel · wall_segment Stone Wall x11 |
| 47:13 | Lil' Linguini · wall_segment Stone Wall x25 |
| 47:20 | Kallemann · tribute_sent a jugador 1 |
| 47:20 | Kallemann · tribute_sent a jugador 2 |
| 47:20 | Kallemann · tribute_sent a jugador 3 |
| 47:20 | Kallemann · tribute_sent a jugador 4 |
| 47:20 | Kallemann · tribute_sent a jugador 6 |
| 48:28 | Kallemann · first_market_sell 100 food |
| 51:39 | Lil' Linguini · wall_segment Stone Wall x1 |
| 54:28 | Kressel · wall_segment Stone Wall x3 |
| 55:50 | Kressel · wall_segment Stone Wall x1 |
| 56:42 | Pedrulete · wall_segment Stone Wall x2 |
| 58:00 | ACV · wall_segment Stone Wall x4 |
| 58:36 | Pedrulete · wall_segment Stone Wall x6 |
| 59:23 | Kallemann · first_building Archery Range |
| 59:31 | AML4554 · tribute_sent a jugador 1 |
| 59:31 | AML4554 · tribute_sent a jugador 3 |
| 59:31 | AML4554 · tribute_sent a jugador 4 |
| 59:31 | AML4554 · tribute_sent a jugador 5 |
| 59:31 | AML4554 · tribute_sent a jugador 6 |
| 59:54 | Pedrulete · first_market_buy 100 stone |
| 60:18 | Kallemann · resign |
[ AI ANALYSIS · 1 CREDIT ]
What really happened in this match?
Wolo.gg analyzes every decision: build order, eco, micro, common mistakes by bracket. Personalized analysis on WhatsApp or Discord in 30 seconds.
Civ guide
Magyars
Map guide
Lombardia
Perfil
Jugador #3985113